Map: Odyssey LE

Players

Nice

  • Race: Protoss Protoss
  • Spawn Location: 11:00

NoRegreT - Winner!

  • Race: Zerg Zerg
  • Spawn Location: 5:00

Event: WCS Montreal 2017

VOD

Have the link to the VOD?

Description

Time

  • Played on: Sept. 8, 2017, 3:24 p.m.
  • Length: 8:41

All games in this series

Show
View Real Time Build Order
Export as new Build Order

Nice Protoss 

Build Orders: Oracle Opening 

Get SALT Encoding   

  12  0:00  Probe (Chrono Boost)  
  13  0:11  Probe (Chrono Boost)  
  14  0:17  Pylon  
  14  0:22  Probe (Chrono Boost)  
  15  0:36  Probe (Chrono Boost)  
  15  0:39  Gateway  
  16  0:46  Probe (Chrono Boost)  
  16  0:47  Assimilator  
  18  0:57  Probe (Chrono Boost)  
  18  1:07  Probe (Chrono Boost)  
  19  1:18  Probe (Chrono Boost)  
  20  1:26  Cybernetics Core  
  20  1:28  Probe  
  20  1:29  Pylon  
  21  1:47  Probe (Chrono Boost)  
  21  1:49  Nexus  
  21  1:54  Assimilator  
  22  2:03  Mothership Core (Chrono Boost)  
  22  2:05  Adept (Chrono Boost)  
  26  2:17  Warp Gate  
  26  2:21  Probe (Chrono Boost)  
  27  2:31  Adept (Chrono Boost)  
  27  2:33  Probe  
  30  2:39  Pylon  
  30  2:45  Probe, Pylon  
  31  2:51  Pylon  
  31  2:57  Probe (Chrono Boost)  
  31  2:58  Stargate  
  31  3:03  Probe (Chrono Boost)  
  32  3:09  Probe (Chrono Boost)  
  33  3:14  Probe (Chrono Boost)  
  33  3:17  Adept (Chrono Boost)  
  33  3:19  Probe (Chrono Boost)  
  38  3:31  Gateway  
  36  3:36  Gateway  
  36  3:39  Adept (Chrono Boost)  
  35  3:42  Oracle (Chrono Boost)  
  35  3:48  Probe x2  
  41  4:08  Probe  
  31  4:12  Probe  
  27  4:17  Phoenix (Chrono Boost)  
  27  4:20  Probe  
  29  4:30  Stalker  
  31  4:36  Stalker  
  33  4:40  Adept  
  35  4:54  Probe x2  
  35  5:00  Zealot x2  
  37  5:10  Probe x2 (Chrono Boost)  
  40  5:21  Probe (Chrono Boost)  
  40  5:30  Probe (Chrono Boost)  
  40  5:32  Probe (Chrono Boost)  
  40  5:33  Pylon  
  42  5:41  Probe (Chrono Boost)  
  43  5:42  Robotics Facility  
  43  5:44  Probe (Chrono Boost)  
  44  5:55  Twilight Council  
  44  6:05  Zealot x2  
  45  6:18  Probe (Chrono Boost)  
  45  6:19  Probe (Chrono Boost), Gateway  
  45  6:20  Resonating Glaives (Chrono Boost), Gateway  
  46  6:29  Gateway  
  46  6:40  Warp Prism (Chrono Boost)  
  46  6:45  Sentry  
  46  6:46  Sentry  
  49  7:01  Gateway  
  49  7:04  Gateway  
  49  7:08  Probe  
  49  7:09  Probe  
  49  7:12  Gateway  
  51  7:21  Probe  
  52  7:27  Adept  
  54  7:32  Pylon  
  52  7:38  Pylon  
  52  7:39  Pylon  
  52  7:47  Pylon  
  52  7:58  Sentry x3, Zealot x2  
  58  7:59  Zealot  
  58  8:20  Adept x4  
  58  8:21  Adept x3  
Show
View Real Time Build Order
Export as new Build Order

NoRegreT Zerg - Winner!

Build Orders: Hatch First 

Get SALT Encoding   

  12  0:00  Drone  
  13  0:12  Overlord  
  13  0:16  Drone  
  14  0:30  Drone x2  
  14  0:34  Drone  
  17  0:55  Drone  
  18  1:00  Hatchery  
  18  1:03  Drone  
  18  1:09  Extractor  
  17  1:16  Spawning Pool, Drone  
  17  1:19  Drone  
  18  1:27  Drone  
  19  1:38  Overlord  
  19  1:53  Drone  
  20  2:03  Zergling x2  
  20  2:04  Queen  
  23  2:14  Queen  
  25  2:16  Zergling x2  
  25  2:21  Metabolic Boost  
  26  2:25  Drone  
  26  2:28  Drone  
  26  2:29  Drone  
  29  2:32  Overlord  
  29  2:36  Drone  
  30  2:42  Zergling x2  
  31  2:45  Zergling x2  
  31  2:47  Evolution Chamber  
  31  2:54  Zergling x2  
  31  2:55  Zergling x2  
  32  3:04  Zergling x2  
  33  3:07  Zergling x2  
  33  3:13  Queen  
  33  3:14  Zergling x2  
  33  3:15  Zergling x4  
  33  3:17  Zergling x4  
  35  3:29  Zergling x2  
  35  3:30  Zergling x2  
  35  3:33  Zergling x6  
  39  3:39  Zergling x2  
  40  3:41  Zergling x2  
  41  3:55  Zergling x4  
  39  4:05  Zergling x4  
  38  4:13  Zergling x8  
  41  4:17  Zergling x2  
  40  4:28  Zergling x2  
  40  4:30  Drone x2  
  42  4:34  Drone x2  
  43  4:42  Drone  
  43  4:50  Drone x3  
  41  4:54  Spore Crawler  
  36  5:01  Overlord  
  36  5:03  Drone  
  36  5:07  Overlord  
  35  5:11  Spore Crawler  
  34  5:14  Overlord  
  34  5:15  Zergling x4  
  34  5:20  Queen, Zergling x2  
  39  5:23  Hatchery, Zergling x6  
  39  5:24  Zergling x2  
  39  5:26  Zergling x2  
  39  5:27  Zergling x2  
  43  5:29  Zergling x2  
  43  5:31  Zergling x4  
  46  5:37  Queen  
  46  5:38  Zergling x2  
  46  5:41  Zergling x2  
  50  5:48  Drone  
  51  5:51  Drone  
  51  5:53  Drone x3  
  51  5:56  Extractor  
  54  6:00  Drone  
  54  6:03  Zergling x2  
  56  6:04  Zergling x6  
  56  6:13  Drone  
  56  6:15  Drone  
  56  6:18  Lair  
  56  6:21  Drone  
  56  6:22  Drone  
  56  6:24  Baneling Nest  
  57  6:27  Drone x2  
  57  6:30  Drone  
  60  6:34  Overlord  
  60  6:41  Overlord, Drone x2  
  60  6:45  Overlord  
  62  6:52  Drone x2  
  60  6:55  Drone x3  
  60  6:57  Spore Crawler  
  62  7:02  Zergling x2  
  62  7:03  Zergling x10  
  62  7:08  Zergling x2  
  69  7:10  Drone  
  69  7:13  Zergling x2  
  71  7:17  Hydralisk Den, Zergling x4  
  71  7:18  Zergling x2  
  71  7:19  Drone x2  
  71  7:20  Extractor, Drone  
  71  7:22  Extractor  
  74  7:32  Zergling x4  
  74  7:33  Zergling x8, Hatchery  
  78  7:40  Zergling x6  
  78  7:43  Zergling x4  
  78  7:44  Overseer, Zergling x2  
  81  7:45  Baneling x2  
  81  7:46  Baneling x4  
  81  7:47  Zergling x6  
  80  7:59  Hydralisk x2  
  80  8:01  Zergling x8  
  80  8:04  Hydralisk  
  86  8:06  Zergling x2  
  86  8:10  Zergling x2  
  87  8:15  Zergling x6  
  87  8:18  Zergling x4  
Tags
 
Add a new tag
Caveats
  • Supply blocks, unpowered buildings, or Contaminate may cause inaccurate times.
  • Supply counts are checked every 10 seconds.